TOP OF THE 1ST |
Arizona Diamondbacks batting - Pitching for Oakland Athletics : RHP Sean Hill
|
Pitching: RHP Sean Hill
|
|
Batting: LHB Roy Steigerwald
|
0-0: Called Strike 0-1: Foul Ball, location: 2F 0-2: Ball 1-2: Ground out 5-3 (Groundball, 56S, EV 70.0 MPH)
|
Batting: RHB David Price Jr.
|
0-0: Ball 1-0: Fly out, F8 (Flyball, 8LXD, EV 85.6 MPH)
|
Batting: LHB Eric Klasek
|
0-0: Foul Ball, location: 2F 0-1: Ball 1-1: Called Strike 1-2: SOLO HOME RUN (Flyball, 9D, EV 103.8 MPH), Distance : 401 ft
|
Batting: SHB Alec Thorpe
|
0-0: Fly out, F7 (Flyball, 7LS, EV 86.3 MPH)
|
Top of the 1st over - 1 run, 1 hit, 0 errors, 0 left on base; Arizona 1 - Oakland 0 |
BOTTOM OF THE 1ST |
Oakland Athletics batting - Pitching for Arizona Diamondbacks : LHP Murphy Quirk
|
Pitching: LHP Murphy Quirk
|
|
Batting: RHB Philip Jansen
|
0-0: Called Strike 0-1: Ball 1-1: DOUBLE (Line Drive, 7D, EV 98.1 MPH)
|
Batting: RHB Danny Murillo
|
0-0: Foul Ball, location: 2F 0-1: Ball 1-1: Fly out, F3 (Line Drive, 3, EV 63.1 MPH)
|
Batting: RHB Muneo Kawachi
|
0-0: Fly out, F7 (Flyball, 7LM, EV 95.6 MPH)
|
Batting: LHB Sakae Kasahara
|
0-0: Ground out 4-3 (Groundball, 34, EV 101.9 MPH)
|
Bottom of the 1st over - 0 runs, 1 hit, 0 errors, 1 left on base; Arizona 1 - Oakland 0 |
TOP OF THE 2ND |
Arizona Diamondbacks batting - Pitching for Oakland Athletics : RHP Sean Hill
|
Batting: LHB Danny Dunham
|
0-0: Ball 1-0: Called Strike 1-1: Ground out U3 (Groundball, 3S, EV 84.4 MPH)
|
Batting: SHB Perry Tuckfard
|
0-0: Fly out, F7 (Flyball, 7LM, EV 105.0 MPH)
|
Batting: LHB Kyle Beaulieu
|
0-0: Ball 1-0: Ball 2-0: Swinging Strike 2-1: Ball 3-1: Foul Ball, location: 2F 3-2: Base on Balls
|
Batting: RHB Mario Soto
|
0-0: Ball 1-0: Ball 2-0: Called Strike 2-1: Ball 3-1: Called Strike 3-2: Strikes out swinging
|
Top of the 2nd over - 0 runs, 0 hits, 0 errors, 1 left on base; Arizona 1 - Oakland 0 |
BOTTOM OF THE 2ND |
Oakland Athletics batting - Pitching for Arizona Diamondbacks : LHP Murphy Quirk
|
Batting: SHB Robert Handy
|
0-0: Swinging Strike 0-1: DOUBLE (Flyball, 89XD, EV 112.5 MPH)
|
Batting: LHB Nate Dean
|
0-0: Ball 1-0: Called Strike 1-1: Foul Ball, location: 2F 1-2: Foul Ball, location: 2F 1-2: Ball 2-2: Strikes out looking
|
Batting: RHB Sébastien Piat
|
0-0: Called Strike 0-1: Ball 1-1: Foul Ball, location: 2F 1-2: Strikes out swinging
|
Batting: SHB Ryan Langlois
|
0-0: Ball 1-0: DOUBLE (Groundball, 3L, EV 95.0 MPH) Robert Handy scores
|
Batting: LHB George Leary
|
0-0: Swinging Strike 0-1: Swinging Strike 0-2: Fly out, F8 (Flyball, 8LXD, EV 85.0 MPH)
|
Bottom of the 2nd over - 1 run, 2 hits, 0 errors, 1 left on base; Arizona 1 - Oakland 1 |
TOP OF THE 3RD |
Arizona Diamondbacks batting - Pitching for Oakland Athletics : RHP Sean Hill
|
Batting: SHB Troy McClure
|
0-0: Ball 1-0: Ball 2-0: Ball 3-0: Fly out, F9 (Flyball, 9LS, EV 88.1 MPH)
|
Batting: LHB Roy Steigerwald
|
0-0: Ball 1-0: Called Strike 1-1: Foul Ball, location: 2F 1-2: Strikes out swinging
|
Batting: RHB David Price Jr.
|
0-0: Swinging Strike 0-1: Foul Ball, location: 2F 0-2: Ball 1-2: Foul Ball, location: 2F 1-2: Foul Ball, location: 2F 1-2: Ball 2-2: Strikes out looking
|
Top of the 3rd over - 0 runs, 0 hits, 0 errors, 0 left on base; Arizona 1 - Oakland 1 |
BOTTOM OF THE 3RD |
Oakland Athletics batting - Pitching for Arizona Diamondbacks : LHP Murphy Quirk
|
Batting: RHB Philip Jansen
|
0-0: Ball 1-0: Called Strike 1-1: Foul Ball, location: 2F 1-2: Fly out, F8 (Line Drive, 8LD, EV 102.5 MPH)
|
Batting: RHB Danny Murillo
|
0-0: Called Strike 0-1: Ground out 6-3 (Groundball, 6M, EV 94.4 MPH)
|
Batting: RHB Muneo Kawachi
|
0-0: Ball 1-0: SINGLE (Flyball, 8LS, EV 90.6 MPH)
|
Batting: LHB Sakae Kasahara
|
0-0: Ball 1-0: Ball 2-0: Foul Ball, location: 2F 2-1: Ball 3-1: Fly out, F7 (Flyball, 78S, EV 85.6 MPH)
|
Bottom of the 3rd over - 0 runs, 1 hit, 0 errors, 1 left on base; Arizona 1 - Oakland 1 |
TOP OF THE 4TH |
Arizona Diamondbacks batting - Pitching for Oakland Athletics : RHP Sean Hill
|
Batting: LHB Eric Klasek
|
0-0: Ball 1-0: Ball 2-0: Foul Ball, location: 2F 2-1: Foul Ball, location: 2F 2-2: Strikes out swinging
|
Batting: SHB Alec Thorpe
|
0-0: Ball 1-0: Ball 2-0: Ball 3-0: Called Strike 3-1: DOUBLE (Line Drive, 9LS, EV 95.0 MPH)
|
Batting: LHB Danny Dunham
|
0-0: Ball 1-0: Foul Ball, location: 2F 1-1: Ground out 4-3 (Groundball, 4MD, EV 85.0 MPH) Alec Thorpe to third
|
Batting: SHB Perry Tuckfard
|
0-0: Called Strike 0-1: Swinging Strike 0-2: Hit by Pitch
|
Batting: LHB Kyle Beaulieu
|
0-0: Ball 1-0: Ball 2-0: Called Strike 2-1: Foul Ball, location: 2F 2-2: Foul Ball, location: 2F 2-2: Ball 3-2: Base on Balls Perry Tuckfard to second
|
Batting: RHB Mario Soto
|
0-0: Called Strike 0-1: Called Strike 0-2: Fielders Choice at 2nd, 6-4 (Groundball, 6, EV 85.0 MPH)
|
Top of the 4th over - 0 runs, 1 hit, 0 errors, 3 left on base; Arizona 1 - Oakland 1 |
BOTTOM OF THE 4TH |
Oakland Athletics batting - Pitching for Arizona Diamondbacks : LHP Murphy Quirk
|
Batting: SHB Robert Handy
|
0-0: Ball 1-0: Called Strike 1-1: Called Strike 1-2: Foul Ball, location: 2F 1-2: Ball 2-2: Ball 3-2: Foul Ball, location: 2F 3-2: Foul Ball, location: 2F 3-2: DOUBLE (Flyball, 8RXD, EV 100.0 MPH)
|
Batting: LHB Nate Dean
|
0-0: Ball 1-0: Foul Ball, location: 2F 1-1: Ball 2-1: Sac Bunt to 13S - play at first, batter OUT! 1-4 Robert Handy to third
|
Batting: RHB Sébastien Piat
|
0-0: Fly out, F9 (Line Drive, 9, EV 106.9 MPH)
|
Batting: SHB Ryan Langlois
|
0-0: Ball 1-0: Swinging Strike 1-1: Ball 2-1: SINGLE (Line Drive, 4MD, EV 96.3 MPH) Robert Handy scores
|
Batting: LHB George Leary
|
0-0: Ball 1-0: Ball 2-0: Ball 3-0: Called Strike 3-1: Ground out 4-3 (Groundball, 34D, EV 83.1 MPH)
|
Bottom of the 4th over - 1 run, 2 hits, 0 errors, 1 left on base; Arizona 1 - Oakland 2 |
TOP OF THE 5TH |
Arizona Diamondbacks batting - Pitching for Oakland Athletics : RHP Sean Hill
|
Batting: SHB Troy McClure
|
0-0: Called Strike 0-1: Ball 1-1: Ball 2-1: Foul Ball, location: 2F 2-2: Ground out 6-3 (Groundball, 56, EV 100.6 MPH)
|
Batting: LHB Roy Steigerwald
|
0-0: Called Strike 0-1: Ball 1-1: Fly out, F6 (Popup, 6, EV 71.3 MPH)
|
Batting: RHB David Price Jr.
|
0-0: Ball 1-0: Called Strike 1-1: Ground out 5-3 (Groundball, 56S, EV 60.6 MPH)
|
Top of the 5th over - 0 runs, 0 hits, 0 errors, 0 left on base; Arizona 1 - Oakland 2 |
BOTTOM OF THE 5TH |
Oakland Athletics batting - Pitching for Arizona Diamondbacks : LHP Murphy Quirk
|
Batting: RHB Philip Jansen
|
0-0: Called Strike 0-1: Ball 1-1: Swinging Strike 1-2: Strikes out swinging
|
Batting: RHB Danny Murillo
|
0-0: Called Strike 0-1: Called Strike 0-2: Hit by Pitch
|
Batting: RHB Muneo Kawachi
|
0-0: Ball 1-0: Swinging Strike 1-1: Ball 2-1: Foul Ball, location: 2F 2-2: Strikes out swinging
|
Batting: LHB Sakae Kasahara
|
0-0: Ball 1-0: Foul Ball, location: 2F 1-1: Ball 2-1: Ball 3-1: Called Strike 3-2: Strikes out swinging
|
Bottom of the 5th over - 0 runs, 0 hits, 0 errors, 1 left on base; Arizona 1 - Oakland 2 |
TOP OF THE 6TH |
Arizona Diamondbacks batting - Pitching for Oakland Athletics : RHP Sean Hill
|
Batting: LHB Eric Klasek
|
0-0: Ball 1-0: Ball 2-0: Called Strike 2-1: Ground out U3 (Groundball, 34, EV 89.4 MPH)
|
Batting: SHB Alec Thorpe
|
0-0: Ball 1-0: Called Strike 1-1: Ball 2-1: Ball 3-1: Foul Ball, location: 2F 3-2: Strikes out looking
|
Batting: LHB Danny Dunham
|
0-0: Ball 1-0: Ball 2-0: Called Strike 2-1: Called Strike 2-2: Ball 3-2: SINGLE (Line Drive, 8RS, EV 111.9 MPH)
|
Pitching: RHP Jeremy Fraraccio
|
|
Batting: SHB Perry Tuckfard
|
0-0: Called Strike 0-1: Foul Ball, location: 2F 0-2: Fly out, F6 (Popup, 6M, EV 75.0 MPH)
|
Top of the 6th over - 0 runs, 1 hit, 0 errors, 1 left on base; Arizona 1 - Oakland 2 |
BOTTOM OF THE 6TH |
Oakland Athletics batting - Pitching for Arizona Diamondbacks : LHP Murphy Quirk
|
Batting: SHB Robert Handy
|
0-0: Ball 1-0: Swinging Strike 1-1: Ball 2-1: Fly out, F8 (Flyball, 8LXD, EV 86.9 MPH)
|
Batting: LHB Nate Dean
|
0-0: Ground out 4-3 (Groundball, 4S, EV 85.6 MPH)
|
Batting: RHB Sébastien Piat
|
0-0: Fly out, F8 (Flyball, 8RS, EV 82.5 MPH)
|
Bottom of the 6th over - 0 runs, 0 hits, 0 errors, 0 left on base; Arizona 1 - Oakland 2 |
TOP OF THE 7TH |
Arizona Diamondbacks batting - Pitching for Oakland Athletics : RHP Jeremy Fraraccio
|
Batting: LHB Kyle Beaulieu
|
0-0: Called Strike 0-1: Ball 1-1: Swinging Strike 1-2: Ball 2-2: Ball 3-2: DOUBLE (Flyball, 7LD, EV 108.1 MPH)
|
Pinch Runner at 2nd Shiro Suehiro:
|
|
Batting: SHB Valentin Laporte
|
0-0: Ball 1-0: Foul Ball, location: 2F 1-1: Foul Ball, location: 2F 1-2: Foul Ball, location: 2F 1-2: Fly out, F9 (Flyball, 9, EV 83.8 MPH)
|
Batting: SHB Troy McClure
|
0-0: Swinging Strike 0-1: Called Strike 0-2: Strikes out looking
|
Batting: LHB Roy Steigerwald
|
0-0: Ball 1-0: Fly out, F8 (Line Drive, 8LD, EV 97.5 MPH)
|
Top of the 7th over - 0 runs, 1 hit, 0 errors, 1 left on base; Arizona 1 - Oakland 2 |
BOTTOM OF THE 7TH |
Oakland Athletics batting - Pitching for Arizona Diamondbacks : LHP Murphy Quirk
|
Now at 2B: Blake Ballard
|
|
Batting: SHB Ryan Langlois
|
0-0: Ball 1-0: Ball 2-0: Ball 3-0: Fly out, F9 (Line Drive, 9S, EV 103.8 MPH)
|
Batting: LHB George Leary
|
0-0: Foul Ball, location: 2F 0-1: Swinging Strike 0-2: Ball 1-2: Ball 2-2: Ball 3-2: Foul Ball, location: 2F 3-2: Foul Ball, location: 2F 3-2: SINGLE (Line Drive, 56D, EV 98.8 MPH)
|
Batting: RHB Philip Jansen
|
0-0: Ball 1-0: Fly out, F4 (Popup, 34, EV 63.8 MPH)
|
Batting: RHB Danny Murillo
|
0-0: Swinging Strike 0-1: Ball 1-1: Ground out 6-3 (Groundball, 6S, EV 71.3 MPH)
|
Bottom of the 7th over - 0 runs, 1 hit, 0 errors, 1 left on base; Arizona 1 - Oakland 2 |
TOP OF THE 8TH |
Arizona Diamondbacks batting - Pitching for Oakland Athletics : RHP Jeremy Fraraccio
|
Batting: RHB David Price Jr.
|
0-0: DOUBLE (Line Drive, 78XD, EV 105.0 MPH)
|
Pitching: RHP Kyle Ehret
|
|
Batting: LHB Eric Klasek
|
0-0: Foul Ball, location: 2F 0-1: Swinging Strike 0-2: Strikes out swinging
|
Batting: SHB Alec Thorpe
|
0-0: Called Strike 0-1: Ground out 4-3 (Groundball, 34, EV 86.3 MPH) David Price Jr. to third
|
Batting: LHB Danny Dunham
|
0-0: SINGLE (Groundball, 4MD, EV 99.4 MPH) David Price Jr. scores
|
Batting: SHB Perry Tuckfard
|
0-0: Called Strike 0-1: Called Strike 0-2: Ball 1-2: Foul Ball, location: 2F 1-2: Ball 2-2: Foul Ball, location: 2F 2-2: Strikes out swinging
|
Top of the 8th over - 1 run, 2 hits, 0 errors, 1 left on base; Arizona 2 - Oakland 2 |
BOTTOM OF THE 8TH |
Oakland Athletics batting - Pitching for Arizona Diamondbacks : LHP Murphy Quirk
|
Batting: RHB Muneo Kawachi
|
0-0: Called Strike 0-1: Foul Ball, location: 2F 0-2: Strikes out swinging
|
Pitching: RHP Andrew Coker
|
|
Batting: LHB Sakae Kasahara
|
0-0: Called Strike 0-1: Ball 1-1: Ball 2-1: Called Strike 2-2: Ground out 4-3 (Groundball, 34D, EV 104.4 MPH)
|
Batting: SHB Robert Handy
|
0-0: Swinging Strike 0-1: Foul Ball, location: 2F 0-2: Foul Ball, location: 2F 0-2: Ball 1-2: Fly out, F5 (Line Drive, 6, EV 65.0 MPH)
|
Bottom of the 8th over - 0 runs, 0 hits, 0 errors, 0 left on base; Arizona 2 - Oakland 2 |
TOP OF THE 9TH |
Arizona Diamondbacks batting - Pitching for Oakland Athletics : RHP Kyle Ehret
|
Pitching: LHP Neal Chauveau
|
|
Batting: RHB Blake Ballard
|
0-0: Fly out, F4 (Line Drive, 4, EV 68.8 MPH)
|
Batting: SHB Valentin Laporte
|
0-0: Called Strike 0-1: Foul Ball, location: 2F 0-2: Foul Ball, location: 2F 0-2: Strikes out looking
|
Batting: SHB Troy McClure
|
0-0: Swinging Strike 0-1: Swinging Strike 0-2: Strikes out swinging
|
Top of the 9th over - 0 runs, 0 hits, 0 errors, 0 left on base; Arizona 2 - Oakland 2 |
BOTTOM OF THE 9TH |
Oakland Athletics batting - Pitching for Arizona Diamondbacks : RHP Andrew Coker
|
Batting: LHB Nate Dean
|
0-0: Ball 1-0: Ball 2-0: Ground out 5-3 (Groundball, 56, EV 88.8 MPH)
|
Batting: RHB Sébastien Piat
|
0-0: Called Strike 0-1: Ball 1-1: Swinging Strike 1-2: Foul Ball, location: 2F 1-2: Foul Ball, location: 2F 1-2: Strikes out swinging
|
Batting: SHB Ryan Langlois
|
0-0: Swinging Strike 0-1: Ball 1-1: Foul Ball, location: 2F 1-2: Ball 2-2: SINGLE (Flyball, 78S, EV 100.6 MPH)
|
Batting: LHB George Leary
|
0-0: Called Strike 0-1: Foul Ball, location: 2F 0-2: Ball 1-2: Strikes out swinging
|
Bottom of the 9th over - 0 runs, 1 hit, 0 errors, 1 left on base; Arizona 2 - Oakland 2 |
TOP OF THE 10TH |
Arizona Diamondbacks batting - Pitching for Oakland Athletics : LHP Neal Chauveau
|
Pinch Hitting: RHB Fabrice Bertin
|
0-0: Called Strike 0-1: Foul Ball, location: 2F 0-2: SOLO HOME RUN (Flyball, 7LD, EV 98.1 MPH), Distance : 358 ft
|
Batting: RHB David Price Jr.
|
0-0: Called Strike 0-1: Ball 1-1: Foul Ball, location: 2F 1-2: Foul Ball, location: 2F 1-2: Ball 2-2: Foul Ball, location: 2F 2-2: Ball 3-2: Foul Ball, location: 2F 3-2: Foul Ball, location: 2F 3-2: Base on Balls
|
Batting: LHB Eric Klasek
|
0-0: Ball 1-0: SINGLE (Groundball, 6MS, EV 62.5 MPH) (infield hit) David Price Jr. to second
|
Batting: SHB Alec Thorpe
|
0-0: Ball 1-0: Swinging Strike 1-1: Foul Ball, location: 2F 1-2: Fly out, F9 (Flyball, 9S, EV 76.3 MPH)
|
Batting: LHB Danny Dunham
|
0-0: Ball 1-0: Called Strike 1-1: Called Strike 1-2: Ball 2-2: Strikes out swinging
|
Batting: SHB Perry Tuckfard
|
0-0: Called Strike 0-1: Foul Ball, location: 2F 0-2: SINGLE (Groundball, 56D, EV 97.5 MPH) David Price Jr. to third Eric Klasek to second Runner from 3rd tries for Home, SAFE, throw by LF to home
|
Pitching: RHP John Owens
|
|
Batting: RHB Blake Ballard
|
0-0: Ball 1-0: Called Strike 1-1: Foul Ball, location: 2F 1-2: Strikes out swinging
|
Top of the 10th over - 2 runs, 3 hits, 0 errors, 2 left on base; Arizona 4 - Oakland 2 |
BOTTOM OF THE 10TH |
Oakland Athletics batting - Pitching for Arizona Diamondbacks : RHP Andrew Coker
|
Pitching: RHP Gerardo Camacho
|
|
Now in CF: Fabrice Bertin
|
|
Batting: RHB Philip Jansen
|
0-0: Ground out 6-3 (Groundball, 6, EV 105.0 MPH)
|
Batting: RHB Danny Murillo
|
0-0: Foul Ball, location: 2F 0-1: Ball 1-1: Ball 2-1: Swinging Strike 2-2: Strikes out swinging
|
Batting: RHB Muneo Kawachi
|
0-0: Ball 1-0: Foul Ball, location: 2F 1-1: Ball 2-1: Ball 3-1: Base on Balls
|
Batting: LHB Sakae Kasahara
|
0-0: Called Strike 0-1: Called Strike 0-2: Ball 1-2: Fly out, F7 (Flyball, 7LD, EV 92.5 MPH)
|
Bottom of the 10th over - 0 runs, 0 hits, 0 errors, 1 left on base; Arizona 4 - Oakland 2 |
|